 Dungeon Crawl Stone Soup version 0.30-a0-137-gd8773701ce (webtiles) character file.

Game seed: 6814757073251133257

850 NinjaNoafa the Firebug (level 8, -3/67 HPs)
             Began as an Ogre Fire Elementalist on Sept 21, 2022.
             Slain by a gnoll
             ... wielding a +0 halberd
              (14 damage)
             ... on level 4 of the Dungeon.
             The game lasted 00:08:28 (4605 turns).

NinjaNoafa the Firebug (Ogre Fire Elementalist)     Turns: 4605, Time: 00:08:29

Health: -3/67      AC:  3    Str: 13    XL:     8   Next: 1%
Magic:  0/12       EV:  9    Int: 18    God:
Gold:   155        SH:  0    Dex:  9    Spells: 10/13 levels left

rFire   . . .      SeeInvis .    g - +2 hand axe (elec)
rCold   . . .      Faith    .    (no shield)
rNeg    . . .      Spirit   .    a - +0 robe
rPois   .          Reflect  .    (helmet restricted)
rElec   .          Harm     .    (no cloak)
rCorr   .          Rampage  .    (gloves unavailable)
Will    .....                    (boots unavailable)
Stlth   +.........               (no amulet)
HPRegen 0.21/turn                (no ring)
MPRegen 0.13/turn                (no ring)

@: no status effects
A: large, unfitting armour, tough skin 1
a: no special abilities


You were on level 4 of the Dungeon.
You visited 1 branch of the dungeon, and saw 4 of its levels.

You collected 155 gold pieces.

Inventory:

Hand Weapons
 g - a +2 hand axe of electrocution (weapon)
Missiles
 c - 5 poisoned darts
 h - 32 stones
 k - 6 large rocks
Armour
 a - a +0 robe (worn)
Scrolls
 e - a scroll of fear
 i - 2 scrolls of amnesia
 m - 2 scrolls of vulnerability
Potions
 b - a potion of brilliance
 d - a potion of cancellation


   Skills:
 - Level 1.7 Dodging
 - Level 1.4 Stealth
 - Level 3.0 Spellcasting
 - Level 3.0 Conjurations
 - Level 5.0 Translocations
 - Level 5.0 Fire Magic
 + Level 2.4 Air Magic


You had 10 spell levels left.
You knew the following spells:

 Your Spells              Type           Power      Damage    Failure   Level
a - Foxfire               Conj/Fire      68%        2x1d7     3%          1
b - Scorch                Fire           40%        2d7       3%          2

Your spell library contained the following spells:

 Spells                   Type           Power      Damage    Failure   Level
 Kindle Blastsparks       Fire/Tloc/Air  34%        2d12      9%          3
 Inner Flame              Hex/Fire       11%        N/A       17%         3
 Mephitic Cloud           Conj/Pois/Air  9%         N/A       24%         3
 Ignite Poison            Fire/Tmut/Pois 8%         N/A       26%         3
 Flame Wave               Conj/Fire      17%        2d7       30%         4
 Freezing Cloud           Conj/Ice/Air   4%         6-21      91%         5


Dungeon Overview and Level Annotations

Branches:
Dungeon (4/15)
 Temple: D:4-7

Altars:
Uskayaw
Xom


Innate Abilities, Weirdness & Mutations

You are too large for most types of armour.
You have tough skin. (AC +1)


Message History

Nothing appears to happen.
The ball python bites you but does no damage.
The hobgoblin hits you.
Casting: Scorch (safe; 3% risk of failure)
Confirm with . or Enter, or press ? or * to list all spells.
Flames lash the hobgoblin.
The hobgoblin is heavily wounded.
The hobgoblin's fire resistance burns away.
The ball python closely misses you. The ball python bites you.
Unknown command.
You hit the ball python.
You kill the ball python!
The hobgoblin closely misses you.
You hit the hobgoblin.
You kill the hobgoblin!
You hit the ice beast.
The ice beast is heavily wounded.
The ice beast hits you but does no damage.
The gnoll hits you from afar with a +0 halberd.
Casting: Scorch (safe; 3% risk of failure)
Confirm with . or Enter, or press ? or * to list all spells.
Flames lash the ice beast.
The ice beast melts!
The ice beast is heavily wounded.
The ice beast's fire resistance burns away.
You hear a shout!
The ice beast hits you. The ice beast freezes you!
The gnoll hits you from afar with a +0 halberd.
Your magical contamination has completely faded away.
You hit the ice beast but do no damage.
The ice beast is heavily wounded.
The ice beast hits you. The ice beast freezes you! The gnoll barely misses you.
Casting: Scorch (safe; 3% risk of failure)
Confirm with . or Enter, or press ? or * to list all spells.
Flames lash the gnoll.
The gnoll is moderately wounded.
The gnoll's fire resistance burns away.
The ice beast hits you. The ice beast freezes you!
* * * LOW HITPOINT WARNING * * *
The gnoll hits you from afar with a +0 halberd!
You die...

#.8.......
#.........
#.8.......
#.....)!..
#.8..._...
#Jg†.###.
#gg...g...
#Y####$#$.
##@# ..
#!.# .
#.## ##.#
#..# #.##
#.# #.#
#.#


You could see an ice beast (combustible), 3 gnolls and an endoplasm.

Vanquished Creatures
  Pikel (D:4)
  A sky beast (D:4)
  A hound (D:4)
  2 orc priests (D:4)
  Terence (D:2)
  An iguana (D:4)
  Robin (D:2)
  3 adders
  2 dart slugs (D:3)
  3 orcs (D:4)
  9 bats
  7 endoplasms
  3 giant cockroaches
  11 goblins
  9 hobgoblins
  3 quokkas (D:1)
  5 ball pythons
  6 frilled lizards
  5 kobolds
  11 rats
85 creatures vanquished.

Vanquished Creatures (collateral kills)
  2 goblins (D:2)
  5 foxfires (D:1)
7 creatures vanquished.

Vanquished Creatures (others)
  220 foxfires
  4 plants (D:1)
224 creatures vanquished.

Grand Total: 316 creatures vanquished

Notes
Turn   | Place    | Note
-------+----------+-------------------------------------------
     0 | D:1      | NinjaNoafa the Ogre Fire Elementalist began the quest for
                  | the Orb.
     0 | D:1      | Reached XP level 1. HP: 16/16 MP: 3/3
   133 | D:1      | Reached skill level 1 in Conjurations
   383 | D:1      | Reached XP level 2. HP: 22/24 MP: 3/5
  1000 | D:1      | Reached XP level 3. HP: 31/31 MP: 3/6
  1003 | D:1      | Learned a level 2 spell: Scorch
  1946 | D:2      | Noticed Robin
  1954 | D:2      | Killed Robin
  1971 | D:2      | Reached XP level 4. HP: 11/39 MP: 4/7
  2337 | D:2      | Found a shimmering altar of Xom.
  2380 | D:2      | Noticed Terence
  2392 | D:2      | Killed Terence
  3563 | D:3      | Reached XP level 5. HP: 45/45 MP: 2/8
  3865 | D:4      | Noticed Pikel
  3866 | D:4      | Noticed a lemure
  3871 | D:4      | Noticed a lemure
  3873 | D:4      | Noticed a lemure
  3874 | D:4      | Noticed a lemure
  3896 | D:4      | Killed Pikel
  3897 | D:4      | Reached skill level 5 in Fire Magic
  3897 | D:4      | Reached XP level 6. HP: 39/53 MP: 2/9
  3897 | D:4      | Reached XP level 7. HP: 43/59 MP: 2/10
  4226 | D:4      | Reached skill level 5 in Translocations
  4233 | D:4      | Reached skill level 1 in Air Magic
  4586 | D:4      | Found a hide-covered altar of Uskayaw.
  4594 | D:4      | Reached XP level 8. HP: 63/67 MP: 7/12
  4605 | D:4      | Slain by a gnoll

Illustrated notes

Levels and vault maps discovered:
D:1:      dpeg_arrival_subterranean_lakeside_camping, layout_basic,
          serial_bayou, serial_bayou_ford_a, serial_bayou_lake_a,
          serial_bayou_shore_a, serial_bayou_shore_b, serial_bayou_pond_b,
          serial_bayou_pond_c
D:2:      layout_basic, basic_altar, uniq_robin, uniq_terence
D:3:      layout_basic
D:4:      layout_rooms, eat_drink_and_be_merry_uskayaw, st_stairs_1,
          minmay_bent, uniq_blork_the_orc, uniq_pikel, uniq_sigmund

Skill      XL: |  1  2  3  4  5  6  7 |
---------------+----------------------+-----
Conjurations   | 1 2 3 |  3.0
Fire Magic     | 3 4 5 |  5.0
Translocations | 4 5 |  5.0
Spellcasting   | 3 |  3.0
Air Magic      | 2 |  2.4
Dodging        | |  1.7
Stealth        | |  1.4

Action                   |  1- 3 |  4- 6 |  7- 9 || total
-------------------------+-------+-------+-------++-------
Melee: Unarmed           |     5 |       |       ||     5
       War axe           |     8 |    26 |    12 ||    46
       Hand axe          |       |       |     4 ||     4
Throw: Large rock        |     1 |       |       ||     1
 Cast: Foxfire           |    61 |    70 |    15 ||   146
       Scorch            |     7 |     6 |    14 ||    27
  Use: Potion            |     5 |     5 |     2 ||    12
       Scroll            |     4 |       |     1 ||     5
 Stab: Invisible         |       |     4 |       ||     4
Armor: Robe              |    24 |    13 |     9 ||    46
       Skin              |       |    23 |     8 ||    31
Dodge: Dodged            |    31 |    21 |    15 ||    67

Table legend: (Time is in decaauts)
 A = Elapsed time spent in this place.
 B = Non-inter-level travel time spent in this place.
 C = Inter-level travel time spent in this place.
 D = Time resting spent in this place.
 E = Time spent auto-exploring this place.
 F = Levels seen in this place.
 G = Mean time per level.
                   A        B        C        D        E       F      G
               +--------+--------+--------+--------+--------+-----+--------+
         Total |   4692 |   4589 |    103 |      0 |   3978 |   4 | 1173.0 |
       Dungeon |   4692 |   4589 |    103 |      0 |   3978 |   4 | 1173.0 |
               +--------+--------+--------+--------+--------+-----+--------+

Top non-repeatable levels by time:
     D:1: 1654 daAuts
     D:2: 1324 daAuts
     D:4: 880 daAuts
     D:3: 832 daAuts
